 Dungeon Crawl Stone Soup version 0.25.1-8-g42b30a86e7 (webtiles) character file.

Game seed: 553907447433547862

45 Araneus the Insei (level 3, 0/29 HPs)
             Began as a Demonspawn Monk on Dec 18, 2020.
             Succumbed to an adder's poison
             ... on level 3 of the Dungeon.
             The game lasted 00:03:09 (1987 turns).

Araneus the Insei (Demonspawn Monk)                 Turns: 1987, Time: 00:03:09

Health: 0/29       AC: 11    Str: 11 (12) XL:     3   Next: 42%
Magic:  1/3        EV:  5    Int:  9 (11) God:
Gold:   89         SH:  0    Dex: 13 (15) Spells: 2/2 levels left

rFire    + . .     SeeInvis .     - Unarmed
rCold    . . .     Gourm    .   (no shield)
rNeg     . . .     Faith    .   i - +0 chain mail
rPois    .         Spirit   +   h - +1 helmet
rElec    .         Reflect  .   (no cloak)
rCorr    .         Harm     .   e - +0 pair of gloves
MR       .....                  (no boots)
Stlth    ..........             (no amulet)
HPRegen  0.09/turn              (no ring)
MPRegen  0.08/turn              (no ring)

@: lethally poisoned (0 -> -10)
A: fire resistance 1, magic shield
a: no special abilities


You were on level 3 of the Dungeon.
You were very hungry.

You visited 1 branch of the dungeon, and saw 3 of its levels.

You collected 89 gold pieces.

Inventory:

Armour
 e - a +0 pair of gloves (worn)
 h - a +1 helmet (worn)
 i - a +0 chain mail (worn)
Jewellery
 c - an uncursed amulet of reflection {unknown}
Scrolls
 a - a scroll of identify {unknown}
 d - a scroll of enchant armour {unknown}
 f - a scroll of teleportation {unknown}
 g - a scroll of remove curse {unknown}
 j - a scroll of enchant weapon {unknown}
Comestibles
 b - 7 rations


   Skills:
 - Level 3.0 Fighting
 - Level 2.6 Dodging
 - Level 1.7 Stealth
 + Level 4.1 Unarmed Combat


You had 2 spell levels left.
You didn't know any spells.
Your spell library was empty.

Dungeon Overview and Level Annotations

Branches:
Dungeon (3/15)

Altars:
Gozag
Zin


Innate Abilities, Weirdness & Mutations

Your flesh is heat resistant. (rF+)
When hurt, damage is shared between your health and your magic reserves.


Message History

You feel sick.
* * * LOW HITPOINT WARNING * * *
You feel sick.
* * * LOW HITPOINT WARNING * * *
You feel sick.
* * * LOW HITPOINT WARNING * * *
You feel sick. The adder barely misses you.
You closely miss the adder.
* * * LOW HITPOINT WARNING * * *
You feel sick. The adder bites you.
* * * LOW HITPOINT WARNING * * *
You are more poisoned.
The adder poisons you!
You hit the adder but do no damage. The adder barely misses you.
You miss the adder.
* * * LOW HITPOINT WARNING * * *
You feel sick. The adder barely misses you.
You hit the adder.
The adder is lightly wounded.
You die...

##### #... ######....#.#.# ##
#...# #...##(.(##......#.#
...##...# #...#..8..#......#.#
#......# #............<.#.#.#
...##...######......##.#.#......#
# #....((...#####.#............#
##...####.# #.#.#..........#
#)..# #.#####.#.#..#.#..##.#
#...# #...S@..#.#..#.#.....#
#...# #########.#..#.#.#####
##### .#..#.#.. ...< .##


You could see an adder.

Vanquished Creatures
  An adder (D:2)
  An ooze (D:2)
  2 leopard geckos (D:2)
  An orc (D:3)
  A giant cockroach (D:2)
  3 goblins
  A hobgoblin (D:2)
  A jackal (D:2)
  4 kobolds
  A quokka (D:2)
  8 bats
  A frilled lizard (D:2)
  2 rats
27 creatures vanquished.

Notes
Turn   | Place    | Note
-------+----------+-------------------------------------------
     0 | D:1      | Araneus the Demonspawn Monk began the quest for the Orb.
     0 | D:1      | Reached XP level 1. HP: 18/18 MP: 1/1
   425 | D:1      | Reached skill level 3 in Unarmed Combat
   539 | D:1      | You fall into a shaft and drop 1 floor!
   592 | D:2      | Gained mutation: Your flesh is heat resistant. (rF+)
                  | [demonic ancestry]
   592 | D:2      | Reached XP level 2. HP: 22/24 MP: 2/2
  1282 | D:2      | Gained mutation: When hurt, damage is shared between your
                  | health and your magic reserves. [demonic ancestry]
  1282 | D:2      | Reached XP level 3. HP: 29/29 MP: 3/3
  1297 | D:2      | Reached skill level 4 in Unarmed Combat
  1508 | D:2      | Found a glowing silver altar of Zin.
  1508 | D:2      | Found an opulent altar of Gozag.
  1986 | D:3      | HP: 1/29 [poisoned by an adder]
  1987 | D:3      | Succumbed to an adder's poison

Illustrated notes

Levels and vault maps discovered:
D:1:      minmay_arrival_semitransparent, layout_basic, minivault_25,
          skrybe_limestone_x, serial_bayou_crossing
D:2:      layout_basic, grunt_temple_overflow_gold_and_silver, first_ration,
          dk_vineyard_2, minmay_split_cup_large
D:3:      layout_basic, mrwooster_statue_mirror

Skill      XL: |  1  2  3 |
---------------+----------+-----
Unarmed Combat | 3 4 |  4.1
Fighting       | |  3.0
Dodging        | |  2.6
Stealth        | |  1.7

Action                   || total
-------------------------++-------
Melee: Unarmed           ||   136
  Use: Potion            ||     1
 Stab: Sleeping          ||     4
  Eat: Chunk             ||     2
Armor: Robe              ||     9
       Chain mail        ||    74
Dodge: Dodged            ||    69
